 Dungeon Crawl Stone Soup version 0.23-a0-550-g7de1f8e (console) character file.

1165 Duffy the Chopper (level 8, 37/73 HPs)
             Began as a Deep Dwarf Fighter on Dec 9, 2018.
             Quit the game on level 5 of the Dungeon.
             The game lasted 00:04:36 (3369 turns).

Duffy the Chopper (Deep Dwarf Fighter)              Turns: 3369, Time: 00:04:36

Health: 37/73      AC: 16    Str: 22    XL:     8   Next: 17%
Magic:  5/5        EV:  8    Int:  9    God:
Gold:   166        SH: 10    Dex: 12    Spells: 7/7 levels left

rFire    . . .     SeeInvis .   a - +0 war axe
rCold    . . .     Gourm    .   c - +0 shield
rNeg     . . .     Faith    .   w - +0 chain mail
rPois    .         Spirit   .   z - +0 helmet (curse)
rElec    .         Reflect  .   F - +1 cloak
rCorr    .         Harm     .   G - +0 pair of gloves
MR       +....                  x - +0 pair of boots
Stlth    ..........             (no amulet)
HPRegen  0.00/turn              D - +2 ring of evasion
MPRegen  0.09/turn              (no ring)

@: non-regenerating
A: damage resistance, heal wounds, sense surroundings 1, no regeneration
a: Heal Wounds


You were on level 5 of the Dungeon.
You were not hungry.

You visited 2 branches of the dungeon, and saw 6 of its levels.

You collected 166 gold pieces.

Inventory:

Hand Weapons
 a - a +0 war axe (weapon)
 H - the +2 flail of the Heavens {crush, +Blink Str+3}
   (You found it on level 5 of the Dungeon)

   It inflicts extra damage upon your enemies.
   It affects your strength (+3).
   It lets you blink.
Missiles
 g - 2 throwing nets (quivered)
Armour
 b - a +0 scale mail
 c - a +0 shield (worn)
 w - a +0 chain mail (worn)
 x - a +0 pair of boots (worn)
 z - a cursed +0 helmet (worn)
 F - a +1 cloak (worn)
 G - a +0 pair of gloves (worn)
Jewellery
 D - a +2 ring of evasion (left hand)
Wands
 y - a wand of iceblast (4)
 E - a wand of random effects (25)
Scrolls
 e - 3 scrolls of identify {unknown}
 h - 3 scrolls of remove curse {unknown}
 i - 4 scrolls of enchant weapon {unknown}
 m - 2 scrolls of teleportation {unknown}
 n - 3 scrolls of amnesia {unknown}
 o - a scroll of blinking {unknown}
 p - a scroll of immolation {unknown}
 s - 2 scrolls of magic mapping {unknown}
 v - 2 scrolls of enchant armour {unknown}
Potions
 d - 2 potions of might
 j - 3 potions of curing {unknown}
 k - a potion of ambrosia {unknown}
 l - 2 potions of magic {unknown}
 q - 2 potions of agility {unknown}
 r - a potion of degeneration {unknown}
 t - a potion of brilliance {unknown}
 u - 3 potions of flight {unknown}
 A - 2 potions of invisibility {unknown}
 C - 2 potions of lignification {unknown}
Comestibles
 f - 7 rations
 B - 6 chunks of flesh


   Skills:
 + Level 4.7 Fighting
 * Level 7.1 Axes
 + Level 5.8 Armour
 + Level 5.7 Shields


You had 7 spell levels left.
You didn't know any spells.
Your spell library was empty.

Dungeon Overview and Level Annotations

Branches:
Dungeon (5/15)             Temple (1/1) D:5

Altars:
Ashenzari
Cheibriados
Dithmenos
Fedhas
Hepliaklqana
Kikubaaqudgha
Okawaru
Qazlal
Sif Muna
Uskayaw
Vehumet
Wu Jian
Xom
Yredelemnul
The Shining One


Innate Abilities, Weirdness & Mutations

You are resistant to damage.
You can heal yourself by infusing magical energy.
You passively map a small area around you.
You do not regenerate.


Message History

Items here: % ))) [ a +0 dagger; a +0 robe; a +0 falchion; a +0 flail; a hound skeleton
Items here: % ))) [ a +0 dagger; a +0 robe; a +0 falchion; a +0 flail; a hound skeleton A centaur comes into view.
The centaur wields a +0 shortbow.
The centaur shoots an arrow.
The arrow hits you but does no damage.
The centaur shoots an arrow.
The arrow hits you!
The centaur shoots an arrow.
The arrow barely misses you.
You see here an arrow.
The centaur shoots an arrow.
You block the arrow.
You see here an arrow.
The centaur shoots an arrow.
The arrow hits you but does no damage.
You see here an arrow.
Found 11 bolts.
You start waiting.
The centaur is too close now for your liking.
The centaur unwields a +0 shortbow.
You block the centaur's attack.
You see here an arrow.
Are you sure you want to abandon this character and quit the game? (Confirm

#....######.....##.#.
,#..(..##...####.##.#.
* * * *
#.............#.##.#.
#...P)P.....#.#.##...
, ** ,#....>).....#
#.##### ###.P.P.....#
#.., ,,
#######.........# #..
#....(c...#....## #..
, , #.#####@#[#....#
,* * * #., #.#.#.####
* .. #.#.#<# , , **##c
,*#.#.### * * *##
#.#.# * * , *.... ,,,
, , * ,,*..# , ,,, ,
..# * , , #(.# * * , *


You could see a centaur.

Vanquished Creatures
  Pikel (D:4)
  Menkaure (D:4)
  An ice beast (D:5)
  A slave (D:4)
  A water moccasin zombie (D:5)
  A howler monkey (D:4)
  Crazy Yiuf (D:4)
  A hound (D:5)
  5 orc wizards
  A worker ant (D:3)
  Natasha (D:3)
  Robin (D:3)
  4 gnolls (D:3)
  3 adders
  3 worms
  5 leopard geckos
  17 orcs
  13 giant cockroaches
  12 goblins
  8 hobgoblins (D:3)
  4 jackals (D:1)
  3 ball pythons
  4 bats
  A jackal skeleton (D:5)
  4 kobolds
  7 rats
104 creatures vanquished.

Vanquished Creatures (others)
  A slave (D:4)
  An orc wizard (D:4)
  An iguana (D:4)
  An adder (D:4)
4 creatures vanquished.

Grand Total: 108 creatures vanquished

Notes
Turn   | Place    | Note
-------+----------+-------------------------------------------
     0 | D:1      | Duffy the Deep Dwarf Fighter began the quest for the Orb.
     0 | D:1      | Reached XP level 1. HP: 20/20 MP: 1/1
   162 | D:1      | Reached XP level 2. HP: 24/27 MP: 2/2
   952 | D:2      | Found an ornate altar of the Wu Jian Council.
  1006 | D:2      | Reached skill level 3 in Axes
  1088 | D:2      | Reached XP level 3. HP: 19/33 MP: 3/3
  1511 | D:3      | Noticed Robin
  1531 | D:3      | Reached XP level 4. HP: 42/42 MP: 4/4
  1537 | D:3      | Killed Robin
  1603 | D:3      | Found a radiant altar of Vehumet.
  1895 | D:3      | Noticed Natasha
  1919 | D:3      | HP: 2/42 [Natasha/magic dart (2)]
  1923 | D:3      | Reached skill level 4 in Axes
  1923 | D:3      | Reached XP level 5. HP: 22/49 MP: 4/4
  1932 | D:3      | Killed Natasha
  2217 | D:4      | Noticed Pikel
  2217 | D:4      | Noticed a slave
  2217 | D:4      | Noticed a slave
  2217 | D:4      | Noticed a slave
  2217 | D:4      | Noticed a slave
  2249 | D:4      | Killed a slave
  2262 | D:4      | Killed Pikel
  2262 | D:4      | Reached skill level 5 in Axes
  2262 | D:4      | Reached skill level 5 in Armour
  2262 | D:4      | Reached skill level 5 in Shields
  2262 | D:4      | Reached XP level 6. HP: 45/57 MP: 4/4
  2262 | D:4      | Reached XP level 7. HP: 51/64 MP: 5/5
  2504 | D:4      | Noticed Menkaure
  2514 | D:4      | Killed Menkaure
  2514 | D:4      | Reached skill level 6 in Axes
  3024 | D:4      | Found a runed door.
  3028 | D:4      | Noticed Crazy Yiuf
  3042 | D:4      | Killed Crazy Yiuf
  3068 | D:5      | Entered Level 5 of the Dungeon
  3077 | D:5      | Reached XP level 8. HP: 40/73 MP: 5/5
  3078 | D:5      | Found a staircase to the Ecumenical Temple.
  3087 | Temple   | Entered the Ecumenical Temple
  3229 | D:5      | Got an ancient flail
  3230 | D:5      | Identified the +2 flail of the Heavens {crush, +Blink
                  | Str+3} (You found it on level 5 of the Dungeon)
  3256 | D:5      | Reached skill level 7 in Axes
  3369 | D:5      | Quit the game

Vault maps used:
D:1:      psy_arrival_terrarium
D:2:      minmay_roachtagon, lemuel_crystal_altar, first_ration,
          minmay_misc_feat_ornament
D:3:      vehumet_crystals, uniq_natasha, uniq_robin
D:4:      uniq_menkaure, uniq_pikel, uniq_crazy_yiuf_cottage
D:5:      kennysheep_mini_moat, minmay_temple_entry_trees, basic_altar,
          enter_ossuary_3, hangedman_abyss_or_decor_lesser_grid,
          uniq_blork_the_orc
Temple:   dshaligram_water_room_temple

Skill      XL: |  1  2  3  4  5  6  7  8 |
---------------+-------------------------+-----
Axes           | 3 4 5 6 7 |  7.1
Fighting       | 3 4 |  4.7
Armour         | 4 5 |  5.8
Shields        | 4 5 |  5.7

Action                   |  1- 3 |  4- 6 |  7- 9 || total
-------------------------+-------+-------+-------++-------
Melee: War axe           |   133 |   121 |   135 ||   389
 Abil: Heal Wounds       |     1 |     5 |     4 ||    10
  Eat: Chunk             |     2 |     2 |     5 ||     9
Armor: Scale mail        |    30 |       |       ||    30
       Chain mail        |    47 |    76 |    72 ||   195
       Skin              |       |    19 |       ||    19
Dodge: Dodged            |    41 |    35 |    26 ||   102
Block: Shield            |    69 |   107 |    75 ||   251

Table legend:
 A = Non-vault XP
 B = Vault XP
 C = Vault XP percentage of total XP
 D = Non-vault monster count
 E = Vault monster count
 F = Vault count percentage of total count
                 A         B        C        D         E       F
            +---------+---------+-------+---------+---------+-------
      Total |     789 |     876 |  52.6 |      82 |      23 |  21.9
            +---------+---------+-------+---------+---------+-------
        D:1 |      25 |       0 |   0.0 |      16 |       0 |   0.0
        D:2 |      34 |      16 |  32.0 |      11 |       8 |  42.1
        D:3 |     152 |      70 |  31.5 |      22 |      12 |  35.3
        D:4 |     273 |     790 |  74.3 |      22 |       3 |  12.0
        D:5 |     303 |       0 |   0.0 |      10 |       0 |   0.0
     Temple |       2 |       0 |   0.0 |       1 |       0 |   0.0
            +---------+---------+-------+---------+---------+-------
